 Dungeon Crawl Stone Soup version 0.23.0-33-g5e6c059 (webtiles) character file.

Game seed: 14433431113884688375

13941 Fang the Fighter (level 12, -9/80 HPs)
             Began as a Gargoyle Berserker on Feb 26, 2019.
             Was a High Priest of Trog.
             Mangled by a white ugly thing (28 damage)
             ... on level 11 of the Dungeon.
             The game lasted 00:15:02 (10545 turns).

Fang the Fighter (Gargoyle Berserker)              Turns: 10545, Time: 00:15:03

Health: -9/80      AC: 35    Str: 25    XL:     12   Next: 11%
Magic:  0/12       EV: 10    Int:  8    God:    Trog [*****.]
Gold:   573        SH:  0    Dex:  9    Spells: 11/11 levels left

rFire    + . .     SeeInvis .   z - +1 war axe "Cousteits" {chop, +Fly rF+ Int-4}
rCold    . . .     Gourm    .   (no shield)
rNeg     + . .     Faith    .   t - +1 plate armour
rPois    ∞         Spirit   +   v - +2 hat {Int+3}
rElec    +         Reflect  .   g - +2 cloak
rCorr    +         Harm     .   (no gloves)
MR       .....                  (no boots)
Stlth    ..........             u - amulet of guardian spirit
HPRegen  0.23/turn              a - +5 ring of protection
MPRegen  0.13/turn              D - ring of resist corrosion

@: no status effects
A: negative energy resistance 1, electricity resistance, unbreathing,
petrification resistance, rot immunity, AC +8
a: Berserk, Trog's Hand, Brothers in Arms, Renounce Religion, Evoke Flight


You were on level 11 of the Dungeon.
You worshipped Trog.
Trog was extremely pleased with you.
You were not hungry.

You visited 2 branches of the dungeon, and saw 12 of its levels.

You collected 573 gold pieces.

Inventory:

Hand Weapons
 r - the +7 hand axe "Sareg" {chop, rPois MR+}
   (You found it on level 4 of the Dungeon)

   It inflicts extra damage upon your enemies.
   It protects you from poison.
   It affects your resistance to hostile enchantments.
 x - a +2 war axe
 z - the +1 war axe "Cousteits" (weapon) {chop, +Fly rF+ Int-4}
   (You found it on level 5 of the Dungeon)

   It inflicts extra damage upon your enemies.
   It affects your intelligence (-4).
   It protects you from fire.
   It lets you fly.
 A - a +0 hand axe of venom
Armour
 f - a +1 helmet
 g - a +2 cloak (worn)
 t - a +1 plate armour (worn)
 v - a +2 hat of intelligence (worn)
Jewellery
 a - a +5 ring of protection (left hand)
 b - an uncursed ring of positive energy
 u - an amulet of guardian spirit (around neck)
 w - an uncursed ring of protection from cold
 D - a ring of resist corrosion (right hand)
Wands
 p - a wand of flame (10)
Scrolls
 l - 6 scrolls of teleportation
 m - 10 scrolls of remove curse
 y - 3 scrolls of blinking
Potions
 e - 3 potions of cancellation
 h - 3 potions of resistance
 i - 2 potions of curing
 j - 2 potions of might
 k - a potion of brilliance
 n - a potion of heal wounds
 o - 3 potions of mutation
 q - 4 potions of flight
 s - a potion of haste {unknown}
 B - a potion of magic
 C - 4 potions of berserk rage {unknown}
Comestibles
 c - 13 rations
 d - a chunk of flesh


   Skills:
 + Level 11.0 Fighting
 + Level 9.3 Axes
 + Level 10.7 Armour
 + Level 8.3 Dodging


You had 11 spell levels left.
You didn't know any spells.
Your spell library was empty.

Dungeon Overview and Level Annotations

Branches:
Dungeon (11/15)            Temple (1/1) D:4            Lair (0/6) D:8
    Orc: D:9-12

Altars:
Cheibriados
Elyvilon
Fedhas
Hepliaklqana
Okawaru
Qazlal
Ru
Sif Muna
Trog
Vehumet
Wu Jian

Shops:
D:5 **:*

Annotations:
D:9 exclusion: orange crystal statue
D:11 Nergalle


Innate Abilities, Weirdness & Mutations

You are resistant to torment.
Your stone body is resilient. (AC +8)
You are immune to poison.
You resist negative energy. (rN+)
You are resistant to electric shocks. (rElec)
You can survive without breathing.
You are immune to petrification.
You are immune to rotting.


Message History

The two-headed ogre zombie barely misses you.
The goblin zombie closely misses you.
The spectral orc knight hits you but does no damage.
The orc wizard completely misses you.
You slash the orc wizard!
You kill the orc wizard!
Trog accepts your kill.
Trog appreciates your killing of a magic user.
You hit the two-headed ogre zombie.
You hit the spectral orc knight but do no damage.
You completely miss Nergalle.
You hit the white ugly thing but do no damage.
You slash the goblin zombie!
You destroy the goblin zombie!
Trog accepts your kill.
You completely miss the adder. The adder barely misses you.
The white ugly thing engulfs you.
* * * LOW HITPOINT WARNING * * *
The white ugly thing freezes you!!
You die...

#.#.)...........#####
#.#..#####...........
####.#..#
######.#####
#....#..# #.#
#.#.##..# #J#
#.#.##..# #{# #
#.#.##ZZ##### #C#
##.####(#.Z.oZZ...###
#o#
........#.ZWu@).....#


KKK ##......(o.Z.S###.... Ko# ######.))ZZZZZ... . #(ZZ###.##..# #...# #... ...
..Z[.# ####%.#. #....Z# . #.Z.Z.Z ....ZZ.o You could see a white ugly thing,
Nergalle, a spectral orc warrior, a spectral orc knight, a phantom, an adder, an
orc, a goblin zombie, a hobgoblin zombie, 3 orc zombies, 3 ogre zombies, 2
two-headed ogre zombies, a troll zombie, a goblin skeleton and an orc skeleton.

Vanquished Creatures
  Gastronok (D:8)
  Snorg (D:10)
  Josephine (D:10)
  Erica (D:10)
  The ghost of Gadfly the Cleaver, a novice FoFi of the Shining One (D:5)
  A slime creature (D:11)
  A cyclops (D:11)
  A komodo dragon (D:8)
  Grinder (D:5)
  Prince Ribbit (D:9)
  A hippogriff (D:11)
  A shadow (D:11)
  4 wraiths (D:10)
  Eustachio (D:6)
  A wyvern (D:11)
  4 hogs (D:7)
  A human (D:7)
  3 hungry ghosts
  2 steam dragons (D:6)
  Menkaure (D:5)
  Edmund (D:5)
  A water moccasin (D:7)
  A black bear (D:11)
  7 orc warriors
  2 sky beasts
  3 ice beasts
  A phantom (D:11)
  7 ogres
  5 centaurs
  A bullfrog (D:7)
  2 big kobolds (D:11)
  A gnoll sergeant (D:7)
  2 scorpions
  A water moccasin skeleton (D:6)
  10 wights
  3 howler monkeys
  5 crimson imps
  2 bullfrog zombies
  2 quasits
  7 orc priests
  8 hounds
  2 centaur zombies
  2 jellies
  2 centaur skeletons
  An iron imp (D:8)
  A bullfrog skeleton (D:4)
  6 iguanas
  5 orc wizards
  5 worker ants
  A killer bee zombie (D:10)
  An ogre zombie (D:11)
  A hound skeleton (D:7)
  A howler monkey skeleton (D:8)
  4 gnolls (D:7)
  10 adders
  2 shadow imps
  An ooze (D:1)
  An adder skeleton (D:6)
  2 worms
  2 dart slugs
  8 leopard geckos
  61 orcs
  7 giant cockroaches
  7 goblins
  11 hobgoblins
  2 jackals (D:11)
  8 quokkas
  A ball python (D:2)
  8 bats
  5 frilled lizards
  A goblin skeleton (D:11)
  2 goblin zombies (D:11)
  A hobgoblin skeleton (D:11)
  3 hobgoblin zombies (D:11)
  A jackal skeleton (D:5)
  18 kobolds
  2 orc skeletons (D:11)
  5 orc zombies (D:11)
  A quokka skeleton (D:5)
  A quokka zombie (D:7)
  9 rats
313 creatures vanquished.

Vanquished Creatures (collateral kills)
  3 slime creatures (D:10)
3 creatures vanquished.

Vanquished Creatures (others)
  4 plants (D:8)
4 creatures vanquished.

Grand Total: 320 creatures vanquished

Notes
Turn   | Place    | Note
-------+----------+-------------------------------------------
     0 | D:1      | Fang the Gargoyle Berserker began the quest for the Orb.
     0 | D:1      | Reached XP level 1. HP: 14/14 MP: 1/1
   298 | D:1      | Reached XP level 2. HP: 17/19 MP: 2/2
   630 | D:1      | Reached XP level 3. HP: 23/23 MP: 3/3
   726 | D:1      | Reached ** piety under Trog
  1206 | D:2      | Noticed a centaur
  1219 | D:2      | Killed a centaur
  1219 | D:2      | Reached skill level 4 in Fighting
  1219 | D:2      | Reached XP level 4. HP: 12/29 MP: 4/4
  1219 | D:2      | Reached XP level 5. HP: 13/33 MP: 5/5
  1516 | D:2      | Found a stormy altar of Qazlal.
  1881 | D:2      | Found a radiant altar of Vehumet.
  2327 | D:3      | Reached XP level 6. HP: 39/39 MP: 6/6
  2416 | D:3      | Found a white marble altar of Elyvilon.
  2545 | D:3      | Found an ornate altar of the Wu Jian Council.
  3335 | D:4      | Found a staircase to the Ecumenical Temple.
  3349 | D:4      | Reached skill level 5 in Fighting
  3351 | D:4      | Reached XP level 7. HP: 44/44 MP: 7/7
  3359 | Temple   | Entered the Ecumenical Temple
  3457 | D:4      | Found an iron altar of Okawaru.
  3470 | D:4      | Found a blossoming altar of Fedhas.
  4140 | D:4      | Got a brightly glowing hand axe
  4141 | D:4      | Identified the +7 hand axe "Sareg" {chop, rPois MR+} (You
                  | found it on level 4 of the Dungeon)
  4217 | D:5      | Entered Level 5 of the Dungeon
  4243 | D:5      | Found Jinicugg's General Store.
  4278 | D:5      | Reached *** piety under Trog
  4278 | D:5      | Reached skill level 5 in Armour
  4298 | D:5      | Noticed Grinder
  4311 | D:5      | Killed Grinder
  4311 | D:5      | Reached XP level 8. HP: 47/51 MP: 8/8
  4321 | D:5      | Found a runed translucent door.
  4325 | D:5      | Noticed Gadfly's ghost (novice FoFi)
  4342 | D:5      | Noticed Menkaure
  4345 | D:5      | Killed Menkaure
  4345 | D:5      | Reached skill level 6 in Fighting
  4345 | D:5      | Reached skill level 5 in Axes
  4372 | D:5      | Found Suat's Assorted Antiques.
  4400 | D:5      | Found Vohegiat's Assorted Antiques.
  4459 | D:5      | Found Qionail's Book Emporium.
  4573 | D:5      | Got a dazzling war axe
  4574 | D:5      | Identified the cursed +1 war axe "Cousteits" {chop, +Fly
                  | rF+ Int-4} (You found it on level 5 of the Dungeon)
  4630 | D:5      | Noticed Edmund
  4663 | D:5      | Killed Edmund
  4786 | D:5      | Killed Gadfly's ghost
  4786 | D:5      | Reached XP level 9. HP: 56/56 MP: 9/9
  4977 | D:6      | Reached skill level 7 in Fighting
  4977 | D:6      | Reached skill level 5 in Dodging
  5816 | D:6      | Noticed Eustachio
  5870 | D:6      | Killed Eustachio
  5982 | D:7      | Reached **** piety under Trog
  6106 | D:7      | Reached skill level 8 in Fighting
  6450 | D:7      | Reached XP level 10. HP: 59/64 MP: 10/10
  6843 | D:8      | Found a staircase to the Lair.
  7300 | D:8      | Found a snail-covered altar of Cheibriados.
  7395 | D:8      | Noticed Gastronok
  7400 | D:8      | Reached skill level 9 in Fighting
  7412 | D:8      | Killed Gastronok
  7412 | D:8      | Reached XP level 11. HP: 49/71 MP: 11/11
  7746 | D:9      | Found a hazy altar of Hepliaklqana.
  7933 | D:9      | Found a sacrificial altar of Ru.
  7937 | D:9      | Noticed an orange crystal statue
  7961 | D:9      | Reached ***** piety under Trog
  7994 | D:9      | Noticed Prince Ribbit
  8010 | D:9      | Killed Prince Ribbit
  8384 | D:9      | Reached skill level 10 in Fighting
  8615 | D:10     | Entered Level 10 of the Dungeon
  8748 | D:10     | Noticed Snorg
  8779 | D:10     | Killed Snorg
  9242 | D:10     | Noticed Erica
  9261 | D:10     | Killed Erica
  9418 | D:10     | Noticed Josephine
  9433 | D:10     | Killed Josephine
  9433 | D:10     | Reached skill level 10 in Armour
 10028 | D:11     | Noticed a cyclops
 10071 | D:10     | HP: 1/73 [slime creature (4)]
 10419 | D:11     | Killed a cyclops
 10483 | D:11     | Noticed Nergalle
 10494 | D:11     | Paralysed by fainting for 6 turns
 10501 | D:11     | Received a gift from Trog
 10502 | D:11     | Reached XP level 12. HP: 59/79 MP: 9/12
 10537 | D:11     | Reached skill level 11 in Fighting
 10545 | D:11     | Mangled by a white ugly thing

Skill      XL: |  1  2  3  4  5  6  7  8  9 10 11 12 |
---------------+-------------------------------------+-----
Axes           | 3 4 5 6 8 9 |  9.3
Dodging        | 2 3 4 6 7 8 |  8.3
Fighting       | 4 5 6 8 9 10 11 | 11.0
Armour         | 3 4 5 6 7 9 10 | 10.7

Action                   |  1- 3 |  4- 6 |  7- 9 | 10-12 || total
-------------------------+-------+-------+-------+-------++-------
Melee: Hand axe          |   124 |   159 |   148 |       ||   431
       War axe           |       |       |   267 |   462 ||   729
Invok: Berserk           |     1 |     2 |     3 |     6 ||    12
       Brothers in Arms  |       |       |       |     2 ||     2
  Use: Scroll            |       |       |    19 |     5 ||    24
       Potion            |       |       |       |     2 ||     2
  Eat: Chunk             |     1 |     7 |    13 |    19 ||    40
       Ration            |       |     1 |       |     3 ||     4
Armor: Animal skin       |    62 |    17 |       |       ||    79
       Chain mail        |       |    67 |       |       ||    67
       Plate armour      |       |    49 |   348 |   560 ||   957
Dodge: Dodged            |    94 |   103 |   202 |   351 ||   750
